 Dungeon Crawl Stone Soup version 0.27.1 (webtiles) character file.

Game seed: 7184319808653465014

48 ZARRMARR the Digger (level 3, 0/21 HPs)
             Began as an Octopode Earth Elementalist on Sept 5, 2021.
             Killed from afar by an orc wizard (2 damage)
             ... with a puff of flame
             ... on level 4 of the Dungeon.
             The game lasted 00:07:53 (3130 turns).

ZARRMARR the Digger (Octopode Earth Elementalist)   Turns: 3130, Time: 00:07:53

Health: 0/21       AC:  1    Str:  7    XL:     3   Next: 72%
Magic:  3/7        EV: 13    Int: 18    God:
Gold:   65         SH:  0    Dex: 12    Spells: 3/7 levels left

rFire    . . .     SeeInvis .   (no weapon)
rCold    . . .     Faith    .   (no shield)
rNeg     . . .     Spirit   .   (helmet restricted)
rPois    .         Reflect  .   (no amulet)
rElec    .         Harm     .   (no ring)
rCorr    .         Rampage  .   (no ring)
Will     .....                  (no ring)
Stlth    ++........             (no ring)
HPRegen  0.07/turn              (no ring)
MPRegen  0.10/turn              (no ring)
                                (no ring)
                                (no ring)

@: confused
A: almost no armour, amphibious, 8 rings, camouflage 1, gelatinous body 1,
(nimble swimmer 1), tentacles
a: no special abilities


You were on level 4 of the Dungeon.
You visited 1 branch of the dungeon, and saw 4 of its levels.

You collected 65 gold pieces.

Inventory:

Missiles
 b - 75 stones
Wands
 k - a wand of charming (6)
Scrolls
 a - a scroll of fear
 c - 3 scrolls of immolation
 d - 2 scrolls of amnesia
 f - 2 scrolls of blinking
 g - a scroll of magic mapping
 i - 2 scrolls of teleportation
Potions
 e - a potion of flight {unknown}
 h - 2 potions of heal wounds {unknown}
 j - a potion of mutation {unknown}
 l - a potion of attraction {unknown}
 m - a potion of might {unknown}


   Skills:
 - Level 2.0 Dodging
 - Level 2.6 Stealth
 + Level 2.9 Spellcasting
 - Level 1.0 Transmutations
 + Level 3.8 Earth Magic


You had 3 spell levels left.
You knew the following spells:

 Your Spells              Type           Power      Damage    Failure   Level
a - Sandblast             Erth           32%        2d9       3%          1
b - Stone Arrow           Conj/Erth      18%        3d8       22%         3

Your spell library contained the following spells:

 Spells                   Type           Power      Damage    Failure   Level
 Passwall                 Tmut/Erth      9%         N/A       9%          2
 Petrify                  Tmut/Erth      11%        N/A       52%         4


Dungeon Overview and Level Annotations

Branches:
Dungeon (4/15)
 Temple: D:4-7

Altars:
Kikubaaqudgha


Innate Abilities, Weirdness & Mutations

You cannot wear most types of armour.
You are amphibious.
You can wear up to eight rings at the same time.
Your skin changes colour to match your surroundings (Stealth+).
Your rubbery body absorbs attacks. (AC +1, EV +1)
((You are camouflaged near water. (Stealth+)))
You have tentacles for arms and can constrict up to eight enemies at once.


Message History

The orc wizard is moderately wounded.
An orc wizard appears from thin air!
Reactivating autopickup.
The orc wizard misses you.
The orc wizard casts a spell.
The orc wizard flickers and vanishes!
Deactivating autopickup; reactivate with Ctrl-A.
The orc wizard gestures wildly while chanting.
The orc wizard flickers and vanishes!
You hear some strange, mumbled words.
You are confused.
You bump into the rock wall.
A magic dart appears from out of thin air!
The magic dart hits something.
You bump into the rock wall.
You hear some strange, mumbled words.
Something tries to affect you, but you resist.
You feel less confused. Something hits you.
You hear some strange, mumbled words.
Something tries to affect you, but you resist.
You hear some strange, mumbled words.
Something tries to affect you, but you resist.
You are confused.
You bump into the rock wall.
A magic dart appears from out of thin air!
The magic dart hits you!
You bump into the rock wall.
You bump into the rock wall.
Something completely misses you.
You feel less confused.
You hear some strange, mumbled words.
You are confused.
A magic dart appears from out of thin air!
The magic dart hits you!
* * * LOW HITPOINT WARNING * * *
You bump into the rock wall.
A puff of flame appears from out of thin air!
The puff of flame hits you.
You die...

#.#...#.. #.##########
#######.#....o{....#
##########o# ########## #.#
#....<...# #.# #.##.###.# #.#
##########.#......# #.#
#..........#################.#
#.###########..@..{{o........#
#.###########.################
#.............#
#############.# ###


You could see an orc.

Vanquished Creatures
  An adder (D:2)
  A worm (D:3)
  A dart slug (D:4)
  2 orcs
  6 ball pythons
  3 endoplasms
  A giant cockroach (D:1)
  2 hobgoblins (D:3)
  A kobold (D:3)
  3 quokkas
  2 bats
  3 frilled lizards
  5 rats
31 creatures vanquished.

Notes
Turn   | Place    | Note
-------+----------+-------------------------------------------
     0 | D:1      | ZARRMARR the Octopode Earth Elementalist began the quest
                  | for the Orb.
     0 | D:1      | Reached XP level 1. HP: 11/11 MP: 3/3
   404 | D:1      | Reached XP level 2. HP: 17/17 MP: 3/5
  1668 | D:2      | Reached XP level 3. HP: 21/21 MP: 4/7
  1732 | D:2      | Found a faded altar of an unknown god.
  1816 | D:2      | Learned a level 3 spell: Stone Arrow
  2605 | D:3      | Found an ancient bone altar of Kikubaaqudgha.
  3130 | D:4      | Killed from afar by an orc wizard

Illustrated notes

Levels and vault maps discovered:
D:1:      lemuel_arrival_river_ford, layout_loops_corners, serial_rivers,
          chequers_serial_rivers_small_a, chequers_serial_rivers_small_b,
          chequers_serial_rivers_small_a, chequers_serial_rivers_small_3,
          chequers_serial_rivers_room_b, chequers_serial_rivers_room_a
D:2:      layout_basic, dilly_ecumenical_altar_fadedgnrine,
          palyth_stone_intersect
D:3:      layout_basic, lemuel_coloured_pillars_altar, corexii_leaking_fountain
D:4:      layout_basic, nicolae_uskayaw_suspiria, minmay_shop_mass

Action                   || total
-------------------------++-------
Melee: Unarmed           ||     1
       Constrict         ||     1
 Cast: Sandblast         ||    43
  Use: Scroll            ||     6
Armor: Skin              ||     1
Dodge: Dodged            ||     8
